Map: Backwater LE

Players

SpeCial

  • Race: Terran Terran
  • Spawn Location: 5:00

Zest - Winner!

  • Race: Protoss Protoss
  • Spawn Location: 11:00

Event: IEM Season 12 - Katowice

VOD

Have the link to the VOD?

Description

Time

  • Played on: Feb. 27, 2018, 6:13 a.m.
  • Length: 5:13

All games in this series

Show
View Real Time Build Order
Export as new Build Order

SpeCial Terran 

Build Orders: Gas First Reaper Expand, Reaper Expand 

Get SALT Encoding   

  12  0:00  SCV  
  13  0:12  SCV  
  14  0:16  Supply Depot  
  14  0:24  SCV  
  14  0:27  Refinery  
  15  0:38  SCV  
  16  0:45  Barracks  
  16  0:50  SCV  
  17  1:02  SCV  
  18  1:14  SCV  
  19  1:32  Reaper, Orbital Command  
  20  1:44  Command Center  
  20  1:55  Factory  
  20  2:00  SCV  
  21  2:07  Barracks Reactor  
  21  2:11  Supply Depot  
  21  2:14  SCV  
  22  2:22  Refinery  
  22  2:29  SCV  
  23  2:39  Widow Mine  
  23  2:41  SCV  
  23  2:44  Marine x2  
  27  2:50  Factory  
  28  2:54  SCV  
  29  3:01  Marine  
  29  3:02  Orbital Command, Marine  
  31  3:12  Cyclone  
  34  3:13  SCV  
  35  3:20  Marine x2  
  37  3:28  SCV x2  
  37  3:30  Supply Depot  
  39  3:35  Cyclone  
  42  3:41  Marine x2  
  46  3:52  Cyclone  
  47  3:58  SCV x2  
  47  4:00  Marine  
  47  4:01  Marine  
  51  4:13  SCV x2  
  51  4:15  Supply Depot  
  53  4:28  Marine  
  54  4:37  Cyclone x2, SCV, Marine  
  62  4:39  Supply Depot x2  
  62  4:41  SCV  
  60  4:45  Marine  
  56  4:55  Marine  
Show
View Real Time Build Order
Export as new Build Order

Zest Protoss - Winner!

Build Orders: 1 Gate Expand 

Get SALT Encoding   

  12  0:00  Probe  
  13  0:12  Probe  
  14  0:17  Pylon  
  14  0:24  Probe (Chrono Boost)  
  16  0:36  Gateway  
  16  0:37  Probe (Chrono Boost)  
  16  0:43  Probe (Chrono Boost)  
  16  0:45  Assimilator  
  17  0:51  Probe  
  18  1:03  Probe  
  19  1:15  Probe  
  20  1:23  Nexus  
  20  1:32  Cybernetics Core  
  20  1:34  Probe  
  21  1:40  Assimilator  
  21  1:47  Probe  
  22  1:49  Pylon  
  22  1:59  Probe  
  23  2:06  Adept (Chrono Boost)  
  25  2:08  Warp Gate  
  25  2:11  Probe  
  26  2:21  Robotics Facility  
  26  2:23  Probe  
  27  2:30  Stalker  
  27  2:35  Probe (Chrono Boost)  
  30  2:39  Probe (Chrono Boost)  
  31  2:46  Probe (Chrono Boost)  
  31  2:48  Probe (Chrono Boost)  
  33  2:51  Probe (Chrono Boost)  
  33  2:53  Probe (Chrono Boost)  
  35  3:00  Stalker  
  35  3:01  Probe  
  39  3:05  Probe  
  39  3:08  Observer (Chrono Boost)  
  40  3:18  Probe, Gateway x2  
  40  3:19  Probe  
  42  3:21  Observer (Chrono Boost)  
  43  3:30  Probe, Pylon  
  43  3:31  Probe  
  45  3:37  Pylon  
  45  3:41  Assimilator  
  45  3:42  Probe  
  45  3:48  Robotics Bay  
  47  4:01  Shield Battery  
  47  4:02  Pylon, Shield Battery  
  46  4:04  Immortal (Chrono Boost)  
  50  4:13  Stalker  
  52  4:20  Stalker  
  52  4:22  Stalker  
  56  4:34  Immortal (Chrono Boost)  
  58  4:39  Zealot  
  58  4:43  Probe x2  
  58  4:53  Stalker x2  
  62  5:01  Stalker  

Tags
 
Add a new tag
Caveats
  • Supply blocks, unpowered buildings, or Contaminate may cause inaccurate times.
  • Supply counts are checked every 10 seconds.